 Dungeon Crawl Stone Soup version 0.30.0-29-ga12c61a403 (webtiles) character file.

Game seed: 9869247836594081419

137 BONEBRO the Poker (level 5, -3/45 HPs)
             Began as a Naga Gladiator on June 20, 2023.
             Slain by an orc
             ... wielding a +0 flail
              (6 damage)
             ... on level 3 of the Dungeon.
             The game lasted 00:04:59 (1750 turns).

BONEBRO the Poker (Naga Gladiator)                  Turns: 1750, Time: 00:05:00

Health: -3/45      AC:  5    Str: 19    XL:     5   Next: 20%
Magic:  5/5        EV: 10    Int:  8    God:
Gold:   139        SH:  0    Dex: 12    Spells: 4/4 levels left

rFire   . . .        a - +0 trident
rCold   . . .        (no shield)
rNeg    . . .        b - +0 leather armour
rPois   +            c - +0 helmet
rElec   .            g - +0 cloak
rCorr   .            (no gloves)
SInv    +            (no barding)
Will    .....        (no amulet)
Stlth   +            (no ring)
HPRegen 0.27/turn    (no ring)
MPRegen 0.09/turn

%: no passive effects
@: lethally poisoned (-3 -> -7), very slow
A: AC +1, large, see invisible, deformed body, poison resistance, slowness 2,
spit poison 1, naga tail 1
a: Spit Poison


You were on level 3 of the Dungeon.
You visited 1 branch of the dungeon, and saw 3 of its levels.

You collected 139 gold pieces.

Inventory:

Hand Weapons
 a - a +0 trident (weapon)
Missiles
 d - 2 throwing nets
 e - a javelin
 j - 14 stones (quivered)
 q - 4 datura-tipped darts
Armour
 b - a +0 leather armour (worn)
 c - a +0 helmet (worn)
 g - a +0 cloak (worn)
Scrolls
 f - a scroll of noise {unknown}
 k - 2 scrolls of identify
 l - a scroll of enchant armour
 r - a scroll of fog {unknown}
Potions
 h - a potion of mutation {unknown}
 i - a potion of brilliance {unknown}
 m - a potion of ambrosia {unknown}
 n - a potion of heal wounds {unknown}
 o - a potion of resistance {unknown}
 p - a potion of curing {unknown}


   Skills:
 - Level 2.0 Fighting
 + Level 5.7 Polearms
 - Level 1.7 Throwing
 - Level 2.4 Dodging


You had 4 spell levels left.
You didn't know any spells.
Your spell library was empty.

Dungeon Overview and Level Annotations

Branches:
Dungeon (3/15)

Altars:


Innate Abilities, Weirdness & Mutations

Your serpentine skin is tough. (AC +1)
You have supernaturally acute eyesight. (SInv)
Armour fits poorly on your strangely shaped body.
Your system is resistant to poisons. (rPois)
You cover ground very slowly.
You can spit poison.
You have a snake-like lower body.


Message History

The scorpion is moderately wounded.
The scorpion stings you. The orc misses you.
The scorpion stings you but does no damage.
You puncture the scorpion!
The scorpion is almost dead.
The orc barely misses you. The scorpion stings you.
You hit the scorpion but do no damage.
The scorpion is almost dead.
The orc hits you with a +0 flail! The scorpion stings you.
You hit the scorpion but do no damage. Your punch misses the scorpion.
The scorpion is almost dead.
The orc closely misses you. The scorpion stings you.
You are poisoned.
The scorpion poisons you! The orc closely misses you.
You hit the scorpion but do no damage.
The scorpion is almost dead.
You feel very sick. The scorpion closely misses you.
The orc hits you with a +0 flail. The scorpion stings you.
* * * LOW HITPOINT WARNING * * *
You are too injured to fight recklessly!
You are too injured to fight recklessly!
You closely miss the scorpion.
The scorpion is almost dead.
You feel sick. The scorpion stings you.
* * * LOW HITPOINT WARNING * * *
The orc closely misses you.
You puncture the scorpion!
You kill the scorpion!
* * * LOW HITPOINT WARNING * * *
You feel sick. The bat hits you but does no damage. The orc closely misses you.
You have reached level 5!
Okay, then.
Okay, then.
As you read the scroll labelled QUIXZIXUGG, it crumbles to dust.
It is a scroll of identify.
l - a scroll of enchant armour
* * * LOW HITPOINT WARNING * * *
You feel sick. The orc hits you with a +0 flail.
You die...

.###.##.#.. .###.##.#.#
##.... ..##..#.#[#
#....# ..###...#.#
##..... ..# ##..#.#
#...#.#
..#####.#.###.#.#.#####.
..##..........#.#.......
####.......##.#.#o......
#.....>......@b......
#######.#..#.##########.
...........#.#
...........#.#
......#......#
.####.###.##.# .# .
#.##.# .# #. #.# .# #.#


You could see an orc and a bat.

Vanquished Creatures
  A scorpion (D:3)
  An adder (D:2)
  A worm (D:3)
  2 dart slugs
  5 ball pythons
  7 bats
  6 endoplasms
  A giant cockroach (D:2)
  3 goblins
  6 hobgoblins
  7 jackals
  5 kobolds
  4 quokkas
  3 frilled lizards
  4 rats
56 creatures vanquished.

Notes
Turn   | Place    | Note
-------+----------+-------------------------------------------
     0 | D:1      | BONEBRO the Naga Gladiator began the quest for the Orb.
     0 | D:1      | Reached XP level 1. HP: 19/19 MP: 1/1
   112 | D:1      | Reached XP level 2. HP: 26/26 MP: 2/2
   388 | D:1      | Reached skill level 4 in Polearms
   452 | D:1      | Reached XP level 3. HP: 31/32 MP: 3/3
  1390 | D:2      | Reached XP level 4. HP: 39/39 MP: 4/4
  1645 | D:3      | Reached skill level 5 in Polearms
  1734 | D:3      | Noticed a scorpion
  1749 | D:3      | Killed a scorpion
  1750 | D:3      | Reached XP level 5. HP: 5/45 MP: 5/5
  1750 | D:3      | Slain by an orc

Illustrated notes

Levels and vault maps discovered:
D:1:      psy_arrival_radial01, layout_basic, st_stairs_8
D:2:      layout_basic, serial_bayou_pond_d, minmay_misc_feat_secret_circle,
          kennysheep_generic_room_12
D:3:      layout_basic, serial_shops, nicolae_shop_bloodbath_and_beyond

Skill      XL: |  1  2  3  4 |
---------------+-------------+-----
Polearms       | 4 5 |  5.7
Fighting       | |  2.0
Throwing       | |  1.7
Dodging        | |  2.4

Action                     |  1- 3 |  4- 6 || total
---------------------------+-------+-------++-------
  Melee: Trident           |   156 |    53 ||   209
         Punch             |       |     1 ||     1
  Throw: Throwing net      |     1 |       ||     1
         Stone             |       |     3 ||     3
Ability: Spit Poison       |     3 |     1 ||     4
    Use: Scroll            |       |     1 ||     1
   Stab: Sleeping          |       |     1 ||     1
 Armour: Leather armour    |    80 |    13 ||    93
  Dodge: Dodged            |   123 |    16 ||   139
